 Dungeon Crawl Stone Soup version 0.19-a0-440-ge762a61 (webtiles) character file.

324 Steelers13 the Skirmisher (level 6, -7/56 HPs)
             Began as a Minotaur Berserker on May 28, 2016.
             Was a Believer of Trog.
             Killed by divine providence
             ... invoked by an orc priest
              (15 damage)
             ... on level 3 of the Dungeon on May 31, 2016.
             The game lasted 00:17:59 (2216 turns).

Steelers13 the Skirmisher (Minotaur Berserker)      Turns: 2216, Time: 00:17:59

Health: -7/56      AC:  7    Str: 23    XL:     6   Next: 23%
Magic:  5/5        EV: 11    Int:  4    God:    Trog [**....]
Gold:   106        SH:  0    Dex: 10    Spells: 0 memorised, 5 levels left

rFire  . . .     SeeInvis .     j - +2 dagger (venom)
rCold  . . .     Gourm    .     e - +0 scale mail
rNeg   . . .     Faith    .     (no shield)
rPois  .         Spirit   .     (helmet restricted)
rElec  .         Dismiss  .     (no cloak)
rCorr  .         Reflect  .     (no gloves)
SustAt +         Harm     .     (no boots)
MR     .....                    (no amulet)
Stlth  ..........               (no ring)
                                o - ring of sustain attributes

@: not resistant to hostile enchantments, extremely unstealthy
A: retaliatory headbutt, horns 2
a: Berserk, Trog's Hand, Burn Spellbooks, Renounce Religion


You were on level 3 of the Dungeon.
You worshipped Trog.
Trog was pleased with you.
You were not hungry.

You visited 1 branch of the dungeon, and saw 3 of its levels.

You collected 106 gold pieces.

Inventory:

Hand Weapons
 a - a +0 falchion
 j - a +2 dagger of venom (weapon)
 l - a +0 short sword
 m - a +0 quarterstaff
Armour
 b - a +0 animal skin
 e - a +0 scale mail (worn)
Jewellery
 o - a ring of sustain attributes (left hand)
Scrolls
 d - 2 scrolls of identify {unknown}
 f - 5 scrolls of teleportation {unknown}
 n - a scroll of enchant weapon {unknown}
Potions
 h - a potion of degeneration {unknown}
 i - a potion of magic {unknown}
 k - a potion of agility {unknown}
Comestibles
 c - a bread ration
 g - a chunk of flesh


   Skills:
 + Level 5.1 Fighting
 + Level 1.0(3.0) Short Blades
 + Level 5.0 Long Blades
 + Level 4.7 Armour
 + Level 3.7 Dodging
 + Level 0.5 Stealth


You had 5 spell levels left.
You didn't know any spells.

Dungeon Overview and Level Annotations

Branches:
Dungeon (3/15)

Altars:
Gozag
Ru
Sif Muna


Innate Abilities, Weirdness & Mutations

You reflexively headbutt those who attack you in melee.
You have a pair of horns on your head.


Message History

Natasha claws you!
* * * LOW HITPOINT WARNING * * *
You barely miss Natasha.
Natasha is severely wounded.
You closely miss Natasha.
Natasha is severely wounded.
Natasha claws you but does no damage.
You hit Natasha.
You kill Natasha!
Trog accepts your kill.
Trog appreciates your killing of a magic user.
Natasha growls in agony!
Your base Short Blades skill increases to level 1!
You see here the felid corpse of Natasha.
Found a meat ration.
An orc priest comes into view. It is wielding a club.
The orc priest shouts!
The orc priest mumbles some strange prayers to Beogh against you.
Beogh smites you!
You die...

#####.# #...# #......
#...# #.###.. #...#
#.#.... #..%# ##.#.##.
#######...#####.......
o##................#.###
..................#..#
#....@...†.......#.#
#.####.#...#.###.##...
#.#$..#.# #.######
%.#...#.# #.# #..#...#.#
#.. #..#...#.# ##
.........# #.########


You could see an orc priest.

Vanquished Creatures
  Grinder (D:3)
  Crazy Yiuf (D:2)
  Natasha (D:3)
  3 adders
  A worm (D:2)
  2 dart slugs
  2 giant geckos
  4 bats
  4 giant cockroaches
  5 goblins
  6 hobgoblins
  A jackal (D:2)
  A quokka (D:2)
  A ball python (D:1)
  3 giant newts
  6 kobolds
  7 rats
49 creatures vanquished.

Notes
Turn   | Place    | Note
--------------------------------------------------------------
     0 | D:1      | Steelers13 the Minotaur Berserker began the quest for the Orb.
     0 | D:1      | Reached XP level 1. HP: 19/19 MP: 0/0
   246 | D:1      | Reached XP level 2. HP: 26/27 MP: 1/1
   428 | D:1      | Reached XP level 3. HP: 29/33 MP: 2/2
  1067 | D:2      | Reached ** piety under Trog
  1338 | D:2      | Found a sacrificial altar of Ru.
  1339 | D:2      | Found an opulent altar of Gozag.
  1341 | D:2      | Found a deep blue altar of Sif Muna.
  1725 | D:2      | Noticed Crazy Yiuf
  1731 | D:2      | Killed Crazy Yiuf
  1731 | D:2      | Reached XP level 4. HP: 17/41 MP: 3/3
  2081 | D:2      | Upgraded the game from 0.19-a0-320-gcfc3c9c to 0.19-a0-440-ge762a61
  2180 | D:3      | Noticed Grinder
  2194 | D:3      | Killed Grinder
  2194 | D:3      | Reached skill level 5 in Fighting
  2194 | D:3      | Reached skill level 5 in Long Blades
  2194 | D:3      | Reached XP level 5. HP: 9/48 MP: 4/4
  2194 | D:3      | Reached XP level 6. HP: 11/56 MP: 5/5
  2205 | D:3      | Noticed Natasha
  2211 | D:3      | Killed Natasha
  2211 | D:3      | Reached skill level 1 in Short Blades
  2216 | D:3      | Killed from afar by an orc priest

Vault maps used:
D:1:      saegor_arrival_simple_f, interstate_on_off
D:2:      grunt_temple_overflow_open, first_bread, uniq_crazy_yiuf_cottage
D:3:      uniq_grinder, uniq_sigmund, uniq_natasha, uniq_robin

Skill      XL: |  1  2  3  4  5  6 |
---------------+-------------------+-----
Fighting       | 4 5 |  5.1
Long Blades    | 4 5 |  5.0
Armour         | 3 4 |  4.7
Dodging        | 3 |  3.7
Short Blades   | 1 |  1.0
Stealth        | |  0.5

Action                   |  1- 3 |  4- 6 || total
-------------------------+-------+-------++-------
Melee: Falchion          |    44 |       ||    44
       Headbutt          |    20 |     6 ||    26
       Dagger            |    27 |    28 ||    55
  Eat: Chunk             |     1 |     1 ||     2
       Bread ration      |       |     1 ||     1
Armor: Scale mail        |    42 |    11 ||    53
Dodge: Dodged            |    68 |     7 ||    75
